MLB
CLEVELAND GUARDIANS @ OTTAWA LYNX
08/01/2041
 
TOP OF THE 1ST
Cleveland Guardians batting - Pitching for Ottawa Lynx : LHP Steve Barnes
Pitching: LHP Steve Barnes
Batting: LHB José Consiglio 0-0: Called Strike
0-1: Called Strike
0-2: Foul Ball, location: 5FF
0-2: Strikes out swinging
Batting: RHB José Rodríguez 0-0: Ball
1-0: Ball
2-0: Foul Ball, location: 7LMF
2-1: Ball
3-1: Base on Balls
Batting: RHB Wilfred Sanders 0-0: Ball
1-0: Foul Ball, location: 9LSF
1-1: Ball
2-1: Grounds into double play, 4-6-3 (Groundball, 4, EV 90.0 MPH)
Top of the 1st over - 0 runs, 0 hits, 0 errors, 0 left on base; Cleveland 0 - Ottawa 0
BOTTOM OF THE 1ST
Ottawa Lynx batting - Pitching for Cleveland Guardians : RHP Rob Fox
Pitching: RHP Rob Fox
Batting: LHB Sergio Martínez 0-0: Swinging Strike
0-1: Foul Ball, location: 2F
0-2: Strikes out swinging
Batting: RHB Erik Lane 0-0: Called Strike
0-1: Ball
1-1: Ball
2-1: Swinging Strike
2-2: Fly out, F8 (Line Drive, 8LD, EV 96.9 MPH)
Batting: LHB Mike Hyde 0-0: Fly out, F6 (Line Drive, 56D, EV 67.5 MPH)
Bottom of the 1st over - 0 runs, 0 hits, 0 errors, 0 left on base; Cleveland 0 - Ottawa 0
TOP OF THE 2ND
Cleveland Guardians batting - Pitching for Ottawa Lynx : LHP Steve Barnes
Batting: RHB Jeff Jacobs 0-0: Foul Ball, location: 5SF
0-1: Ball
1-1: Fly out, F8 (Flyball, 8LM, EV 98.1 MPH)
Batting: LHB Jesús Garza 0-0: Ball
1-0: Called Strike
1-1: Called Strike
1-2: Foul Ball, location: 2LF
1-2: Strikes out looking
Batting: RHB Jorge Velázquez 0-0: Called Strike
0-1: Called Strike
0-2: Ball
1-2: Ground out 5-3 (Groundball, 56S, EV 83.1 MPH)
Top of the 2nd over - 0 runs, 0 hits, 0 errors, 0 left on base; Cleveland 0 - Ottawa 0
BOTTOM OF THE 2ND
Ottawa Lynx batting - Pitching for Cleveland Guardians : RHP Rob Fox
Batting: LHB Ed Harris 0-0: Ball
1-0: Fly out, F7 (Flyball, 7S, EV 86.9 MPH)
Batting: RHB Bao-qing Wu 0-0: Ground out 1-3 (Groundball, 15, EV 73.8 MPH)
Batting: LHB Dan Chipman 0-0: Ball
1-0: Foul Ball, location: 7LMF
1-1: Foul Ball, location: 2F
1-2: Ball
2-2: Foul Ball, location: 7LMF
2-2: Foul Ball, location: 2F
2-2: Foul Ball, location: 3F
2-2: Ground out 6-3 (Groundball, 4, EV 108.8 MPH)
Bottom of the 2nd over - 0 runs, 0 hits, 0 errors, 0 left on base; Cleveland 0 - Ottawa 0
TOP OF THE 3RD
Cleveland Guardians batting - Pitching for Ottawa Lynx : LHP Steve Barnes
Batting: SHB Tim Webster 0-0: Swinging Strike
0-1: Swinging Strike
0-2: Foul Ball, location: 5FF
0-2: Foul Ball, location: 23F
0-2: Ball
1-2: Ball
2-2: Strikes out looking
Batting: LHB Juan Morales 0-0: Ball
1-0: Ball
2-0: SOLO HOME RUN (Flyball, 9D, EV 93.1 MPH), Distance : 346 ft
Batting: SHB Kevin Brackett 0-0: Foul Ball, location: 2RF
0-1: Ball
1-1: Foul Ball, location: 2F
1-2: Foul Ball, location: 23F
1-2: Ball
2-2: Foul Ball, location: 9LSF
2-2: Foul Ball, location: 9LDF
2-2: TRIPLE (Flyball, 8LXD, EV 85.6 MPH)
Batting: LHB José Consiglio 0-0: Fly out, F7 (Flyball, 7D, EV 92.5 MPH)
Runner from 3rd tags up, OUT at HOME! 7-2
Top of the 3rd over - 1 run, 2 hits, 0 errors, 0 left on base; Cleveland 1 - Ottawa 0
BOTTOM OF THE 3RD
Ottawa Lynx batting - Pitching for Cleveland Guardians : RHP Rob Fox
Batting: RHB Rikiya Honda 0-0: Called Strike
0-1: Fly out, F3 (Line Drive, 34, EV 66.3 MPH)
Batting: RHB Randy Simms 0-0: Called Strike
0-1: Swinging Strike
0-2: Ground out 6-3 (Groundball, 6, EV 88.1 MPH)
Batting: RHB Jim Thompson 0-0: Called Strike
0-1: Ground out 5-3 (Groundball, 56, EV 86.9 MPH)
Bottom of the 3rd over - 0 runs, 0 hits, 0 errors, 0 left on base; Cleveland 1 - Ottawa 0
TOP OF THE 4TH
Cleveland Guardians batting - Pitching for Ottawa Lynx : LHP Steve Barnes
Batting: RHB José Rodríguez 0-0: Called Strike
0-1: Ball
1-1: Fly out, F8 (Flyball, 8LD, EV 108.1 MPH)
Batting: RHB Wilfred Sanders 0-0: SINGLE (Groundball, 4MD, EV 97.5 MPH)
Batting: RHB Jeff Jacobs 0-0: Fly out, F9 (Line Drive, 9, EV 88.1 MPH)
Batting: LHB Jesús Garza 0-0: Called Strike
0-1: Foul Ball, location: 7LMF
0-2: Strikes out swinging
Top of the 4th over - 0 runs, 1 hit, 0 errors, 1 left on base; Cleveland 1 - Ottawa 0
BOTTOM OF THE 4TH
Ottawa Lynx batting - Pitching for Cleveland Guardians : RHP Rob Fox
Batting: LHB Sergio Martínez 0-0: Ball
1-0: Foul Ball, location: 2F
1-1: Ball
2-1: Ball
3-1: Base on Balls
Batting: RHB Erik Lane 0-0: Called Strike
0-1: Ball
1-1: Fly out, F7 (Flyball, 7, EV 96.3 MPH)
Batting: LHB Mike Hyde 0-0: Ball
1-0: Ground out U3 (Groundball, 3S, EV 61.9 MPH)
Sergio Martínez to second
Batting: LHB Ed Harris 0-0: Ground out 4-3 (Groundball, 4, EV 98.8 MPH)
Bottom of the 4th over - 0 runs, 0 hits, 0 errors, 1 left on base; Cleveland 1 - Ottawa 0
TOP OF THE 5TH
Cleveland Guardians batting - Pitching for Ottawa Lynx : LHP Steve Barnes
Batting: RHB Jorge Velázquez 0-0: Ball
1-0: Fly out, F8 (Line Drive, 8LD, EV 110.6 MPH)
Batting: SHB Tim Webster 0-0: Foul Ball, location: 2F
0-1: Ball
1-1: Ball
2-1: Called Strike
2-2: Strikes out looking
Batting: LHB Juan Morales 0-0: Ball
1-0: Swinging Strike
1-1: Ball
2-1: Ball
3-1: Base on Balls
Batting: SHB Kevin Brackett 0-0: Called Strike
0-1: Ball
1-1: SINGLE (Line Drive, 8LS, EV 89.4 MPH)
Juan Morales to second
Batting: LHB José Consiglio 0-0: Ball
1-0: SINGLE (Line Drive, 8LS, EV 86.9 MPH)
Juan Morales to third
Kevin Brackett to second
Runner from 3rd tries for Home, SAFE, throw by CF to home
Batting: RHB José Rodríguez 0-0: Ball
1-0: Called Strike
1-1: Fielders Choice at 2nd, 6-4 (Groundball, 6, EV 83.1 MPH)
Top of the 5th over - 1 run, 2 hits, 0 errors, 2 left on base; Cleveland 2 - Ottawa 0
BOTTOM OF THE 5TH
Ottawa Lynx batting - Pitching for Cleveland Guardians : RHP Rob Fox
Batting: RHB Bao-qing Wu 0-0: Ball
1-0: Ball
2-0: Ball
3-0: Base on Balls
Batting: LHB Dan Chipman 0-0: Ball
1-0: Bunted foul
1-1: Foul Ball, location: 7LSF
1-2: Strikes out looking
Batting: RHB Rikiya Honda 0-0: Ball
1-0: Swinging Strike
1-1: Ball
2-1: Foul Ball, location: 7LDF
2-2: Foul Ball, location: 9LSF
2-2: Ball
Wild Pitch!
Bao-qing Wu to second
3-2: Base on Balls
Batting: RHB Randy Simms 0-0: Ball
1-0: Foul Ball, location: 2F
1-1: Ball
2-1: Foul Ball, location: 2RF
2-2: Foul Ball, location: 9LDF
2-2: Foul Ball, location: 2F
2-2: Ball
3-2: Foul Ball, location: 3SF
3-2: Foul Ball, location: 2F
3-2: Base on Balls
Bao-qing Wu to third
Rikiya Honda to second
Batting: RHB Jim Thompson 0-0: Called Strike
0-1: Ball
1-1: Ball
2-1: Grounds into double play, 3-2-3 (Groundball, 3S, EV 93.1 MPH)
Bottom of the 5th over - 0 runs, 0 hits, 0 errors, 2 left on base; Cleveland 2 - Ottawa 0
TOP OF THE 6TH
Cleveland Guardians batting - Pitching for Ottawa Lynx : LHP Steve Barnes
Batting: RHB Wilfred Sanders 0-0: Ball
1-0: Called Strike
1-1: Ball
2-1: Ball
3-1: Foul Ball, location: 2F
3-2: Foul Ball, location: 5F
3-2: Base on Balls
Batting: RHB Jeff Jacobs 0-0: Ball
1-0: Called Strike
Wilfred Sanders is caught stealing 2nd base 2-4
1-1: Ball
2-1: Ball
3-1: Swinging Strike
3-2: Strikes out swinging
Batting: LHB Jesús Garza 0-0: Fly out, F8 (Flyball, 8RD, EV 96.3 MPH)
Top of the 6th over - 0 runs, 0 hits, 0 errors, 0 left on base; Cleveland 2 - Ottawa 0
BOTTOM OF THE 6TH
Ottawa Lynx batting - Pitching for Cleveland Guardians : RHP Rob Fox
Batting: LHB Sergio Martínez 0-0: Ball
1-0: Ball
2-0: Ground out U3 (Groundball, 34, EV 85.0 MPH)
Batting: RHB Erik Lane 0-0: Ground out 6-3 (Groundball, 6M, EV 88.1 MPH)
Batting: LHB Mike Hyde 0-0: Ball
1-0: Ball
2-0: Ball
3-0: Base on Balls
Batting: LHB Ed Harris 0-0: 2-RUN HOME RUN (Flyball, 9D, EV 93.1 MPH), Distance : 354 ft
Batting: RHB Bao-qing Wu 0-0: Ball
1-0: Called Strike
1-1: Ball
2-1: Ball
3-1: Base on Balls
Batting: LHB Dan Chipman 0-0: Called Strike
0-1: Called Strike
0-2: Ball
1-2: Ball
2-2: Ball
3-2: Foul Ball, location: 3DF
3-2: Base on Balls
Bao-qing Wu to second
Batting: RHB Rikiya Honda 0-0: Called Strike
0-1: Swinging Strike
0-2: Ball
1-2: Ball
2-2: Foul Ball, location: 9LSF
2-2: Ground out U3 (Groundball, 34, EV 90.0 MPH)
Bottom of the 6th over - 2 runs, 1 hit, 0 errors, 2 left on base; Cleveland 2 - Ottawa 2
TOP OF THE 7TH
Cleveland Guardians batting - Pitching for Ottawa Lynx : LHP Steve Barnes
Batting: RHB Jorge Velázquez 0-0: Called Strike
0-1: Ball
1-1: SINGLE (Line Drive, 56, EV 96.9 MPH)
Batting: SHB Tim Webster 0-0: Ball
1-0: Ball
2-0: Ball
3-0: Called Strike
3-1: Foul Ball, location: 9LMF
3-2: Foul Ball, location: 3FF
3-2: Strikes out swinging
Batting: LHB Juan Morales 0-0: Grounds into double play, 1-6-3 (Groundball, 34S, EV 73.1 MPH)
Top of the 7th over - 0 runs, 1 hit, 0 errors, 0 left on base; Cleveland 2 - Ottawa 2
BOTTOM OF THE 7TH
Ottawa Lynx batting - Pitching for Cleveland Guardians : RHP Rob Fox
Batting: RHB Randy Simms 0-0: Foul Ball, location: 5FF
0-1: Ball
1-1: Ball
2-1: Ball
3-1: Base on Balls
Batting: RHB Jim Thompson 0-0: Swinging Strike
0-1: Ball
1-1: Sac Bunt to 5S - play at first, batter OUT! 5-3
Randy Simms to second
Batting: LHB Sergio Martínez 0-0: Ground out U3 (Groundball, 23, EV 88.1 MPH)
Randy Simms to third
Batting: RHB Erik Lane 0-0: Ball
1-0: Called Strike
1-1: Foul Ball, location: 5FF
1-2: Ball
2-2: Fly out, F7 (Line Drive, 7, EV 95.0 MPH)
Bottom of the 7th over - 0 runs, 0 hits, 0 errors, 1 left on base; Cleveland 2 - Ottawa 2
TOP OF THE 8TH
Cleveland Guardians batting - Pitching for Ottawa Lynx : LHP Steve Barnes
Batting: SHB Kevin Brackett 0-0: Ball
1-0: Foul Ball, location: 9LSF
1-1: Called Strike
1-2: Ball
2-2: Ball
3-2: Fly out, F7 (Flyball, 7LS, EV 91.3 MPH)
Batting: LHB José Consiglio 0-0: Ball
1-0: Called Strike
1-1: Ball
2-1: Ball
3-1: Foul Ball, location: 2F
3-2: SINGLE (Line Drive, 8LS, EV 105.6 MPH)
Pitching: RHP Ken Wolfe
Pinch Hitting: LHB Stan Walton 0-0: Ball
1-0: Swinging Strike
1-1: Called Strike
1-2: Ball
2-2: Ball
3-2: Fly out, F9 (Flyball, 9S, EV 95.6 MPH)
Batting: RHB Wilfred Sanders 0-0: Foul Ball, location: 2F
0-1: Ground out 4-3 (Groundball, 34, EV 84.4 MPH)
Top of the 8th over - 0 runs, 1 hit, 0 errors, 1 left on base; Cleveland 2 - Ottawa 2
BOTTOM OF THE 8TH
Ottawa Lynx batting - Pitching for Cleveland Guardians : RHP Rob Fox
Pitching: RHP Jorge Rincón
Now at SS: Josh Wilson
Batting: LHB Mike Hyde 0-0: Ball
1-0: Ball
2-0: Swinging Strike
2-1: Swinging Strike
2-2: Strikes out swinging
Batting: LHB Ed Harris 0-0: Called Strike
0-1: Fly out, F8 (Flyball, 8RXD, EV 76.9 MPH)
Pinch Hitting: LHB Clint Frazier 0-0: Ball
1-0: Ground out 5-3 (Groundball, 56S, EV 67.5 MPH)
Bottom of the 8th over - 0 runs, 0 hits, 0 errors, 0 left on base; Cleveland 2 - Ottawa 2
TOP OF THE 9TH
Cleveland Guardians batting - Pitching for Ottawa Lynx : RHP Ken Wolfe
Now at 2B: Ben Gordon
Batting: RHB Jeff Jacobs 0-0: Called Strike
0-1: Ball
1-1: Ball
2-1: Foul Ball, location: 2F
2-2: Strikes out swinging
Pitching: LHP Mike Jeffries
Pinch Hitting: SHB José Valentín 0-0: Ball
1-0: Ball
2-0: Called Strike
2-1: Foul Ball, location: 2F
2-2: Ball
3-2: Fly out, F4 (Popup, 34, EV 56.3 MPH)
Batting: RHB Jorge Velázquez 0-0: Called Strike
0-1: Ball
1-1: Ground out 6-3 (Groundball, 56, EV 105.6 MPH)
Top of the 9th over - 0 runs, 0 hits, 0 errors, 0 left on base; Cleveland 2 - Ottawa 2
BOTTOM OF THE 9TH
Ottawa Lynx batting - Pitching for Cleveland Guardians : RHP Jorge Rincón
Now at 2B: Ken Miller
Batting: LHB Dan Chipman 0-0: Ground out 6-3 (Groundball, 4MD, EV 101.9 MPH)
Batting: RHB Rikiya Honda 0-0: Called Strike
0-1: Called Strike
0-2: SINGLE (Line Drive, 34D, EV 100.6 MPH)
Batting: RHB Randy Simms 0-0: Ball
Rikiya Honda steals 2nd base
1-0: Ball
2-0: Ground out 5-3 (Groundball, 56, EV 102.5 MPH)
Pinch Hitting: SHB Bob O'Mooney 0-0: Swinging Strike
0-1: Ball
1-1: Ball
2-1: SINGLE (Line Drive, 7LS, EV 109.4 MPH)
Rikiya Honda to third
Runner from 3rd tries for Home, SAFE, throw by LF to home
Bottom of the 9th over - 1 run, 2 hits, 0 errors, 1 left on base; Cleveland 2 - Ottawa 3
Sunday, March 24th , 2024 - OOTP Baseball 24.10 Build 82